 Dungeon Crawl Stone Soup version 0.20-a0-396-g1af7820 (webtiles) character file.

67 FitzyFitz the Caller (level 4, 0/30 HPs)
             Began as a Frog Summoner on Jan 6, 2017.
             Succumbed to an adder's poison
             ... on level 3 of the Dungeon.
             The game lasted 00:09:14 (3378 turns).

FitzyFitz the Caller (Frog Summoner)                Turns: 3378, Time: 00:09:15

Health: 0/30       AC:  4    Str:  6    XL:     4   Next: 18%
Magic:  7/7        EV: 11    Int: 14    God:
Gold:   48         SH:  3    Dex: 11    Spells: 6/7 levels left

rFire  . . .     SeeInvis .     a - +0 whip
rCold  . . .     Gourm    .     h - +0 robe (curse)
rNeg   + . .     Faith    .     j - +0 buckler
rPois  .         Spirit   .     (no helmet)
rElec  .         Reflect  .     (no cloak)
rCorr  .         Harm     .     s - +0 pair of gloves
MR     .....                    (no boots)
Stlth  ++........               (no amulet)
                                (no ring)
                                f - ring of positive energy

@: lethally poisoned (0 -> -18), slow
A: swims, shaggy fur 1, slowness 1, strong legs 1
a: Hop


You were on level 3 of the Dungeon.
You were not hungry.

You visited 1 branch of the dungeon, and saw 3 of its levels.

You collected 48 gold pieces.

Inventory:

Hand Weapons
 a - a +0 whip (weapon)
 t - a +0 dagger
 u - a +0 hunting sling
 w - a +0 mace
 x - a +0 dagger
Missiles
 d - 37 poisoned needles
 l - 30 sling bullets
 v - 49 stones (quivered)
Armour
 h - a cursed +0 robe (worn)
 j - a +0 buckler (worn)
 s - a +0 pair of gloves (worn)
Jewellery
 f - a ring of positive energy (left hand)
 k - an uncursed amulet of faith
Scrolls
 g - 2 scrolls of recharging {unknown}
 i - 2 scrolls of fog {unknown}
 m - 5 scrolls of identify {unknown}
 p - 4 scrolls of remove curse {unknown}
 q - a scroll of immolation {unknown}
Potions
 o - a potion of resistance
 r - a potion of curing {unknown}
Books
 b - a book of Callings

   Spells                             Type                      Level
   a - Summon Small Mammal            Summoning                    1
   b - Call Imp                       Summoning                    2
   c - Call Canine Familiar           Summoning                    3
   d - Summon Guardian Golem          Hexes/Summoning              3
   e - Summon Lightning Spire         Summoning/Air                4
   f - Summon Ice Beast               Ice/Summoning                4
Comestibles
 c - a bread ration


   Skills:
 - Level 2.0 Dodging
 - Level 2.0 Stealth
 + Level 0.8 Shields
 - Level 2.0 Spellcasting
 + Level 6.0 Summonings


You had 6 spell levels left.
You knew the following spells:

 Your Spells              Type           Power        Failure   Level  Hunger
a - Summon Small Mammal   Summ           ###.         2%          1    ##.....


Dungeon Overview and Level Annotations

Branches:
Dungeon (3/15)

Altars:
Dithmenos


Innate Abilities, Weirdness & Mutations

You can swim through water.
You cover ground slowly.
You can hop short distances.
You are covered in fur. (AC +1)


Message History

You are more poisoned.
The adder poisons you!
You closely miss the adder.
The adder is heavily wounded.
* * * LOW HITPOINT WARNING * * *
You feel sick.
Your bat misses the adder.
Your bat closely misses the adder.
Your bat completely misses the adder.
Your bat barely misses the adder.
The adder bites you.
* * * LOW HITPOINT WARNING * * *
It was a potion of mutation.
You feel extremely strange.
You feel agile.
You feel clumsy. Fur sprouts all over your body.
* * * LOW HITPOINT WARNING * * *
You feel sick.
Your bat misses the adder.
Your bat closely misses the adder. x2
Your bat misses the adder. The adder bites you.
* * * LOW HITPOINT WARNING * * *
You are more poisoned.
The adder poisons you!
Your bat barely misses the adder.
The adder bites you but does no damage.
It was a potion of magic.
Magic courses through your body.
You die...

#######
############....b##.##
)............###@S..(#
#######..###.#
#.b.(.... #..# #.#
#.##....( #..# ... b..
...( #..# ..#.#.. ###
#............ ....#.##
...# ....# #...


You could see an adder and 3 friendly bats.

Vanquished Creatures
  3 adders (D:2)
  A leopard gecko (D:2)
  5 giant cockroaches
  4 goblins
  2 hobgoblins (D:2)
  5 kobolds
  4 bats
  2 frilled lizards
  4 rats
30 creatures vanquished.

Vanquished Creatures (collateral kills)
  An adder (D:2)
  A worm (D:2)
  A dart slug (D:1)
  A goblin (D:1)
  A kobold (D:1)
  3 quokkas
  A frilled lizard (D:1)
  3 rats
12 creatures vanquished.

Grand Total: 42 creatures vanquished

Notes
Turn   | Place    | Note
-------+----------+-------------------------------------------
     0 | D:1      | FitzyFitz the Frog Summoner began the quest for the Orb.
     0 | D:1      | Reached XP level 1. HP: 13/13 MP: 3/3
   815 | D:1      | Reached XP level 2. HP: 19/19 MP: 3/5
  1058 | D:1      | Reached skill level 5 in Summonings
  1592 | D:1      | Reached XP level 3. HP: 21/24 MP: 3/6
  2838 | D:2      | Reached XP level 4. HP: 23/30 MP: 7/7
  2908 | D:2      | Found a shadowy altar of Dithmenos.
  2971 | D:2      | Reached skill level 6 in Summonings
  3377 | D:3      | Gained mutation: You are agile. (Dex +2) [potion of mutation]
  3377 | D:3      | Lost mutation: You are agile. (Dex +2) [potion of mutation]
  3377 | D:3      | Gained mutation: You are covered in fur. (AC +1) [potion of mutation]
  3377 | D:3      | HP: 1/30 [adder (3)]
  3378 | D:3      | Succumbed to an adder's poison

Vault maps used:
D:1:      grunt_arrival_crossed_arrows
D:2:      grunt_dithmenos_smoke_and_mirrors

Skill      XL: |  1  2  3  4 |
---------------+-------------+-----
Summonings     | 5 6 |  6.0
Dodging        | |  2.0
Stealth        | |  2.0
Shields        | |  0.8
Spellcasting   | |  2.0

Action                   |  1- 3 |  4- 6 || total
-------------------------+-------+-------++-------
Melee: Club              |    21 |       ||    21
       Unarmed           |     8 |       ||     8
       Whip              |   151 |    19 ||   170
       Mace              |       |    24 ||    24
 Fire: Hunting sling     |       |     8 ||     8
 Cast: Summon Small Mamm |    34 |     7 ||    41
 Abil: Hop               |     1 |       ||     1
  Use: Potion            |     3 |     2 ||     5
 Stab: Sleeping          |     1 |       ||     1
  Eat: Chunk             |     3 |     2 ||     5
       Bread ration      |     1 |       ||     1
Armor: Robe              |    64 |    23 ||    87
Dodge: Dodged            |   141 |    47 ||   188
Block: Buckler           |    12 |    11 ||    23
